 Dungeon Crawl Stone Soup version 0.22-a0-879-g615c57abe7 (webtiles) character file.

317 Esekla the Sneak (level 6, 0/51 HPs)
             Began as a Gnoll Wanderer on July 30, 2018.
             Slain by a gnoll
             ... wielding a +0 whip of electrocution
              (9 damage)
             ... on level 3 of the Dungeon.
             The game lasted 00:15:22 (1510 turns).

Esekla the Sneak (Gnoll Wanderer)                   Turns: 1510, Time: 00:15:23

Health: 0/51       AC:  6    Str: 10    XL:     6   Next: 45%
Magic:  8/8        EV: 11    Int: 20    God:
Gold:   101        SH:  0    Dex: 15    Spells: 8/8 levels left

rFire    . . .     SeeInvis .   a - +2 quarterstaff
rCold    . . .     Gourm    .   (shield currently unavailable)
rNeg     . . .     Faith    .   c - +0 ring mail
rPois    .         Spirit   .   (no helmet)
rElec    .         Reflect  .   (no cloak)
rCorr    .         Harm     .   (no gloves)
MR       .....                  (no boots)
Stlth    +++.......             (no amulet)
HPRegen  0.17/turn              (no ring)
MPRegen  0.11/turn              (no ring)

@: no status effects
A: distributed training, fangs 1, strong nose
a: no special abilities


You were on level 3 of the Dungeon.
You were not hungry.

You visited 1 branch of the dungeon, and saw 4 of its levels.

You collected 101 gold pieces.

Inventory:

Hand Weapons
 a - a +2 quarterstaff (weapon)
 d - a +0 dagger of venom
 p - a +0 hunting sling
Missiles
 i - 84 stones (quivered)
 l - 9 sling bullets
Armour
 c - a +0 ring mail (worn)
Wands
 q - a wand of paralysis (13)
Scrolls
 e - 2 scrolls of teleportation {unknown}
 g - 4 scrolls of remove curse {unknown}
 h - a scroll of random uselessness {unknown}
 n - 2 scrolls of fear {unknown}
Potions
 b - 2 potions of lignification
 j - a potion of magic {unknown}
 k - a potion of brilliance {unknown}
 m - a potion of curing {unknown}
 o - a potion of resistance {unknown}
 r - a potion of heal wounds {unknown}
 s - a potion of flight {unknown}
Comestibles
 f - 6 rations


   Skills:
 + Level 5.0 Fighting
 + Level 1.9 Short Blades
 + Level 1.9 Long Blades
 + Level 3.2 Axes
 + Level 1.9 Maces & Flails
 + Level 1.9 Polearms
 + Level 3.2 Staves
 + Level 1.9 Slings
 + Level 1.9 Bows
 + Level 1.9 Crossbows
 + Level 1.9 Throwing
 + Level 5.0 Armour
 + Level 1.9 Dodging
 + Level 6.3 Stealth
 + Level 1.9 Shields
 + Level 1.9 Unarmed Combat
 + Level 1.9 Spellcasting
 + Level 1.5 Conjurations
 + Level 1.5 Hexes
 + Level 1.5 Charms
 + Level 1.5 Summonings
 + Level 1.5 Necromancy
 + Level 1.5 Translocations
 + Level 1.5 Transmutations
 + Level 1.5 Fire Magic
 + Level 1.5 Ice Magic
 + Level 1.5 Air Magic
 + Level 1.5 Earth Magic
 + Level 1.5 Poison Magic
 + Level 2.1 Invocations
 + Level 3.2 Evocations


You had 8 spell levels left.
You didn't know any spells.
Your spell library was empty.

Dungeon Overview and Level Annotations

Branches:
Dungeon (4/15)
 Temple: D:4-7

Altars:

Annotations:
D:4 2 transporters


Innate Abilities, Weirdness & Mutations

Your experience applies equally to all skills.
You have very sharp teeth.
Your uncanny sense of smell can sniff out nearby items.


Message History

* * * LOW HITPOINT WARNING * * *
The shadow imp shouts!
You hear a shout!
Found 12 gold pieces.
There is a stone staircase leading up here.
The gnoll hits you but does no damage.
You climb upwards.
There is a stone staircase leading down here.
You hit the gnoll.
The gnoll is lightly wounded.
The gnoll barely misses you.
You barely miss the gnoll.
The gnoll is lightly wounded.
The gnoll misses you.
You thump the gnoll!
The gnoll is severely wounded.
The gnoll closely misses you.
You completely miss the gnoll.
The gnoll is severely wounded.
The gnoll hits you but does no damage.
You are electrocuted!
You die... . .######## . ......g@# . .########

You could see a gnoll.

Vanquished Creatures
  An ogre (D:2)
  A hound (D:4)
  A centaur skeleton (D:4)
  An iguana (D:4)
  3 gnolls (D:4)
  4 adders
  An ooze (D:1)
  A worm (D:4)
  3 dart slugs
  4 leopard geckos
  2 orcs (D:4)
  7 bats
  3 giant cockroaches
  6 goblins
  7 hobgoblins
  8 jackals
  4 kobolds
  2 quokkas
  2 frilled lizards
  A leopard gecko skeleton (D:4)
  8 rats
70 creatures vanquished.

Notes
Turn   | Place    | Note
-------+----------+-------------------------------------------
     0 | D:1      | Esekla the Gnoll Wanderer began the quest for the Orb.
     0 | D:1      | Esekla set off with: a +2 quarterstaff, a potion of lignification, a +0 ring mail, a +0 dagger, a ration
     0 | D:1      | Reached XP level 1. HP: 20/20 MP: 2/2
    69 | D:3      | Noticed an orc priest
   115 | D:2      | Reached XP level 2. HP: 19/26 MP: 3/3
   218 | D:2      | Noticed an ogre
   223 | D:2      | Killed an ogre
   223 | D:2      | Reached skill level 1 in Short Blades
   223 | D:2      | Reached skill level 1 in Long Blades
   223 | D:2      | Reached skill level 1 in Maces & Flails
   223 | D:2      | Reached skill level 1 in Polearms
   223 | D:2      | Reached skill level 1 in Slings
   223 | D:2      | Reached skill level 1 in Bows
   223 | D:2      | Reached skill level 1 in Crossbows
   223 | D:2      | Reached skill level 1 in Throwing
   223 | D:2      | Reached skill level 1 in Dodging
   223 | D:2      | Reached skill level 6 in Stealth
   223 | D:2      | Reached skill level 1 in Shields
   223 | D:2      | Reached skill level 1 in Unarmed Combat
   223 | D:2      | Reached skill level 1 in Spellcasting
   223 | D:2      | Reached skill level 1 in Conjurations
   223 | D:2      | Reached skill level 1 in Hexes
   223 | D:2      | Reached skill level 1 in Charms
   223 | D:2      | Reached skill level 1 in Summonings
   223 | D:2      | Reached skill level 1 in Necromancy
   223 | D:2      | Reached skill level 1 in Translocations
   223 | D:2      | Reached skill level 1 in Transmutations
   223 | D:2      | Reached skill level 1 in Fire Magic
   223 | D:2      | Reached skill level 1 in Ice Magic
   223 | D:2      | Reached skill level 1 in Air Magic
   223 | D:2      | Reached skill level 1 in Earth Magic
   223 | D:2      | Reached skill level 1 in Poison Magic
   223 | D:2      | Reached skill level 1 in Invocations
   223 | D:2      | Reached XP level 3. HP: 13/31 MP: 3/5
   223 | D:2      | Reached XP level 4. HP: 16/38 MP: 3/6
   288 | D:2      | Reached XP level 5. HP: 25/43 MP: 7/7
  1306 | D:4      | Found a transporter.
  1316 | D:4      | Found a transporter.
  1359 | D:4      | Reached XP level 6. HP: 25/50 MP: 8/8
  1477 | D:4      | Reached skill level 5 in Fighting
  1477 | D:4      | Reached skill level 5 in Armour
  1510 | D:3      | Slain by a gnoll

Vault maps used:
D:1:      nzn_arrival_water_spiral
D:2:      minmay_misc_feat_chi
D:3:      first_ration
D:4:      gammafunk_wand_slinger, amethyst_killhole

Skill      XL: |  1  2  3  4  5  6 |
---------------+-------------------+-----
Short Blades   | 1 |  1.9
Long Blades    | 1 |  1.9
Maces & Flails | 1 |  1.9
Polearms       | 1 |  1.9
Slings         | 1 |  1.9
Bows           | 1 |  1.9
Crossbows      | 1 |  1.9
Throwing       | 1 |  1.9
Dodging        | 1 |  1.9
Stealth        | 6 |  6.3
Shields        | 1 |  1.9
Unarmed Combat | 1 |  1.9
Spellcasting   | 1 |  1.9
Conjurations   | 1 |  1.5
Hexes          | 1 |  1.5
Charms         | 1 |  1.5
Summonings     | 1 |  1.5
Necromancy     | 1 |  1.5
Translocations | 1 |  1.5
Transmutations | 1 |  1.5
Fire Magic     | 1 |  1.5
Ice Magic      | 1 |  1.5
Air Magic      | 1 |  1.5
Earth Magic    | 1 |  1.5
Poison Magic   | 1 |  1.5
Invocations    | 1 2 |  2.1
Axes           | 3 |  3.2
Staves         | 3 |  3.2
Evocations     | 3 |  3.2
Fighting       | 5 |  5.0
Armour         | 5 |  5.0

Action                   |  1- 3 |  4- 6 || total
-------------------------+-------+-------++-------
Melee: Quarterstaff      |    32 |   131 ||   163
       Dagger            |       |    20 ||    20
       Bite              |       |     8 ||     8
Throw: Stone             |       |     3 ||     3
 Stab: Sleeping          |     1 |     7 ||     8
       Distracted        |       |     2 ||     2
  Eat: Ration            |       |     1 ||     1
Armor: Ring mail         |    11 |    50 ||    61
Dodge: Dodged            |    18 |    84 ||   102

Table legend:
 A = Spawn XP
 B = Non-spawn XP
 C = Spawn XP percentage of total XP
 D = Spawn monster count
 E = Non-spawn monster count
 F = Spawn count percentage of total count
 G = Total turns spent on level
                    A         B        C        D         E        F      G
               +---------+---------+-------+---------+---------+-------+---------
         Total |       0 |     454 |   0.0 |       0 |      70 |   0.0 |  1510
               +---------+---------+-------+---------+---------+-------+---------
           D:1 |       0 |      67 |   0.0 |       0 |      34 |   0.0 |   650
           D:2 |       0 |     167 |   0.0 |       0 |      18 |   0.0 |   468
           D:3 |       0 |       8 |   0.0 |       0 |       3 |   0.0 |   113
           D:4 |       0 |     212 |   0.0 |       0 |      15 |   0.0 |   279
               +---------+---------+-------+---------+---------+-------+---------
